[Event "Titled Tuesday Blitz December 20 Late 2022"]
[White "Silva, Miguel Antonio Neto"]
[Black "Ter-Sahakyan, Samvel"]
[WhiteFideId "1911929"]
[BlackFideId "13302531"]
[WhiteElo "2538"]
[BlackElo "2845"]
[Result "1/2-1/2"]
[Round "11"]
[TimeControl "180+1"]
[Date "2022.12.21"]
[WhiteClock "0:00:11"]
[BlackClock "0:00:14"]

1. Nf3 d5 2. d4 Nf6 3. c4 e6 4. g3 Be7 5. Bg2 O-O 6. O-O dxc4 7. Qc2 a6 8. Qxc4 b5 9. Qc2 Bb7 10. Bd2 Be4 11. Qc1 c6 12. Rd1 Nbd7 13. Nc3 Bg6 14. Nh4 Bh5 15. Nf3 Rc8 16. Bf4 Nd5 17. Nxd5 cxd5 18. Qd2 Rc4 19. Rac1 Bb4 20. Qe3 Qa5 21. a3 Be7 22. Qd2 Qxd2 23. Bxd2 Rfc8 24. h3 h6 25. Bf1 Bxf3 26. exf3 Rxc1 27. Rxc1 Rxc1 28. Bxc1 Bf6 29. Be3 Nb8 30. b3 Be7 31. a4 bxa4 32. bxa4 Bd6 33. Bd3 Kf8 34. Kf1 Ke7 35. Ke2 a5 36. Bb5 Nd7 37. Bd2 Bc7 38. Bc1 Nf6 39. Kd3 Ne8 40. Ba3+ Bd6 41. Bxe8 Bxa3 42. Bb5 Bb4 43. g4 Kf6 44. Ke3 Kg5 45. Be8 Kf6 46. h4 Ke7 47. Bb5 Kd8 48. f4 g6 49. f5 Ke7 50. fxe6 fxe6 51. h5 gxh5 52. gxh5 Kf6 53. f3 Ba3 54. Be8 Bc1+ 55. Ke2 Kf5 56. Bg6+ Kf4 57. Bf7 Kf5 58. Bg6+ Kf6 59. Be8 Ba3 60. Bb5 Bf8 61. Bc6 Bg7 62. Bd7 Ke7 63. Bb5 Bxd4 64. Kd3 Bc5 65. Ba6 Kd6 66. Bc8 Ke5 67. Bd7 Kf6 68. Be8 Kg5 69. Bf7 Kf5 70. Bg6+ Kf6 71. Be8 Bb6 72. Ke2 e5 73. Bc6 Kg5 74. Be8 Kf4 75. Bf7 d4 76. Bg6 Bc5 77. Be4 Be7 78. Kd3 Bh4 79. Ke2 Kg3 80. Kd3 Kf2 81. Bd5 Bg5 82. Be4 Bf4 83. Bd5 Kg3 84. Be4 Kh4 85. Bg6 Kg5 86. Bf7 Be3 87. Bg6 Kf4 88. Be4 Bc1 89. Ke2 Ba3 90. Kd3 Be7 91. Ke2 Kg5 92. Bg6 Kf6 93. Kd3 Ke6 94. Kc4 Kd6 95. Be4 Bg5 96. Bg6 Bd2 97. Be4 Bb4 98. Bg6 Ke6 99. Be4 Kf6 100. Bg6 Kg5 101. Kd3 Kh4 102. Ke4 Kg3 103. Bf5 Bd6 104. Bg4 Kh4 105. Kd3 Kg5 106. Ke4 Be7 107. Kd3 Kf4 108. Be6 Kxf3 109. Bd5+ Kf4 110. Be4 Kg4 111. Bg6 Kf3 112. Be4+ Kf2 113. Bg6 Bb4 114. Be4 Kg3 115. Bg6 Kg4 116. Ke4 Bd6 117. Bf7 Kg3 118. Bg6 Kf2 119. Kd3 Kf3 120. Be4+ Kg4 121. Bg6 Bc7 122. Ke4 Kg5 123. Bf7 Kf6 124. Bg6 Ke6 125. Bf5+ Kd6 126. Kd3 Kd5 127. Be4+ Kc5 128. Bf5 Kb4 129. Bd7 Bb6 130. Bb5 Kb3 131. Ke4 Kc3 132. Bd3 Kd2 133. Bb5 Ke1 134. Kxe5 Kf2 135. Ke4 Kg3 136. Kd3 Kg4 137. Be8 Kf5 138. Bg6+ Ke5 139. Be4 Kf4 140. Bg6 Kg5 141. Be8 Kf6 142. Bg6 Bc5 143. Be4 Ke5 144. Bg6 Kd5 145. Be8 Kd6 146. Bg6 Ke5 147. Kc4 Bb4 148. Kd3 Kd5 149. Bf7+ Kc5 150. Be8 Bc3 151. Bf7 Kb4 152. Be8 Kb3 153. Bd7 Kb2 154. Bc6 Kc1 155. Bf3 1/2-1/2


[Site "https://www.chess.com"]

[Event "Titled Tuesday Blitz December 20 Late 2022"]
[White "Skibbe, Willi"]
[Black "Adewumi, Tanitoluwa"]
[WhiteFideId "4682190"]
[BlackFideId "30966396"]
[WhiteElo "2308"]
[BlackElo "2479"]
[Result "1-0"]
[Round "11"]
[TimeControl "180+1"]
[Date "2022.12.21"]
[WhiteClock "0:01:37"]
[BlackClock "0:00:07"]

1. f4 d5 2. Nf3 Bg4 3. e3 Nf6 4. h3 Bxf3 5. Qxf3 Nc6 6. d3 e5 7. g4 exf4 8. exf4 Bc5 9. c3 O-O 10. d4 Re8+ 11. Kf2 Bb6 12. Bd3 Ne4+ 13. Kg2 Qh4 14. Be3 Rad8 15. Nd2 Nxd2 16. Bxd2 h5 17. Qg3 Qxg3+ 18. Kxg3 Na5 19. b3 Nc6 20. Kh4 hxg4 21. hxg4 Ne7 22. Kg3 g6 23. f5 c5 24. f6 Nc6 25. Rh3 Bc7+ 26. Kf2 Re6 27. g5 Kf8 28. Rh8# 1-0


[Site "https://www.chess.com"]

[Event "Titled Tuesday Blitz December 20 Late 2022"]
[White "Smith, Garrett L"]
[Black "Bogaudinov, Rushan"]
[WhiteFideId "2024829"]
[BlackFideId "4129288"]
[WhiteElo "2240"]
[BlackElo "2028"]
[Result "1-0"]
[Round "11"]
[TimeControl "180+1"]
[Date "2022.12.21"]
[WhiteClock "0:00:13"]
[BlackClock "0:00:25"]

1. e4 b6 2. d4 Bb7 3. Bd3 e6 4. c4 Qh4 5. g3 Qd8 6. Nc3 Bb4 7. Qe2 c5 8. d5 Bxc3+ 9. bxc3 d6 10. Nf3 e5 11. O-O Bc8 12. Nh4 Ne7 13. a4 Bh3 14. Re1 Nd7 15. f4 h5 16. Nf3 Bg4 17. Qg2 Ng6 18. Ng5 Nf6 19. f5 Ne7 20. h3 Qc7 21. hxg4 hxg4 22. Kf2 Neg8 23. Be3 Nh6 24. Rh1 Ke7 25. Rh4 Qd7 26. Qf1 Rhb8 27. Rh1 a6 28. Ke2 Ra7 29. Qc1 Rab7 30. Qc2 Ra7 31. Rhb1 Rab7 32. Rb2 Nh5 33. Kf2 Nf6 34. Rab1 Qc7 35. Rb3 Qd7 36. Qb2 Qc7 37. a5 b5 38. Be2 Qxa5 39. cxb5 axb5 40. Rxb5 Rxb5 41. Bxb5 Ne8 42. c4 Nc7 43. Bd2 Qb6 44. Qc3 Qa7 45. Kg2 Nxb5 46. cxb5 Qb6 47. Qc4 Ra8 48. Rb2 Ra3 49. Rb3 Ra1 50. Rd3 Qa7 51. Rb3 Qb6 52. Qc3 Ra2 53. Rb2 Ra4 54. Qd3 Rd4 55. Qe3 c4 56. Ra2 Rd3 57. Qxb6 c3 58. Ra7+ 1-0


[Site "https://www.chess.com"]

[Event "Titled Tuesday Blitz December 20 Late 2022"]
[White "Tanenbaum, Zachary"]
[Black "Kleinman, Michael"]
[WhiteFideId "2060850"]
[BlackFideId "2609479"]
[WhiteElo "2751"]
[BlackElo "2465"]
[Result "1-0"]
[Round "11"]
[TimeControl "180+1"]
[Date "2022.12.21"]
[WhiteClock "0:00:14"]
[BlackClock "0:00:06"]

1. e4 c6 2. d4 d5 3. exd5 cxd5 4. Bd3 Nc6 5. c3 Nf6 6. Bf4 Bg4 7. Qb3 Qd7 8. Nd2 e6 9. Ngf3 Bxf3 10. Nxf3 Bd6 11. Bxd6 Qxd6 12. O-O O-O 13. Rfe1 Rab8 14. a4 Rfc8 15. Ne5 Nd7 16. f4 Nf8 17. f5 Nxe5 18. Rxe5 Nd7 19. Ree1 e5 20. Bb5 exd4 21. cxd4 Qb6 22. Qxd5 Nf6 23. Qe5 a6 24. Bc4 Qxb2 25. Rab1 Qd2 26. Bxf7+ Kxf7 27. Rxb7+ Kf8 28. Qe7+ Kg8 29. Qxg7# 1-0


[Site "https://www.chess.com"]

[Event "Titled Tuesday Blitz December 20 Late 2022"]
[White "Tari, Aryan"]
[Black "Andreikin, Dmitry"]
[WhiteFideId "1510045"]
[BlackFideId "4158814"]
[WhiteElo "2620"]
[BlackElo "2735"]
[Result "1-0"]
[Round "11"]
[TimeControl "180+1"]
[Date "2022.12.20"]
[WhiteClock "0:00:08"]
[BlackClock "0:00:04"]

1. e4 e6 2. d4 d5 3. Nc3 Nc6 4. Nf3 Nf6 5. Bd3 Bb4 6. O-O Bxc3 7. exd5 exd5 8. bxc3 O-O 9. Bg5 Bg4 10. h3 Bh5 11. g4 Bg6 12. Ne5 Qd6 13. Bf4 Qa3 14. Rb1 Qxc3 15. Rxb7 Qxd4 16. Nxg6 hxg6 17. Bxc7 Ne4 18. Bxe4 Qxe4 19. Qd3 Qe6 20. Bg3 Rac8 21. c3 f5 22. gxf5 Rxf5 23. Qe3 Ne5 24. Qxa7 Qf6 25. Kg2 Kh7 26. Qe3 Rf8 27. Re1 Nc4 28. Qd4 Qxd4 29. cxd4 Nd2 30. Ree7 Ne4 31. Rxg7+ Kh6 32. h4 Kh5 33. Kh3 1-0


[Site "https://www.chess.com"]

[Event "Titled Tuesday Blitz December 20 Late 2022"]
[White "Thiel, Thomas"]
[Black "Kohler, Aran"]
[WhiteFideId "4615964"]
[BlackFideId "1002856"]
[WhiteElo "2231"]
[BlackElo "2322"]
[Result "0-1"]
[Round "11"]
[TimeControl "180+1"]
[Date "2022.12.21"]
[WhiteClock "0:00:14"]
[BlackClock "0:01:26"]

1. e4 c6 2. d4 d5 3. exd5 cxd5 4. c4 Nf6 5. Nc3 Nc6 6. Bg5 e6 7. c5 Be7 8. Nf3 Ne4 9. Bxe7 Qxe7 10. Bd3 f5 11. O-O O-O 12. Re1 Bd7 13. Bf1 Be8 14. Ne2 Qc7 15. Ng3 a5 16. Rc1 Rd8 17. Ne5 Nxe5 18. dxe5 Nxc5 19. Qd4 b6 20. f4 Rc8 21. Ne2 Bb5 22. Nc3 Bxf1 23. Rxf1 Qd7 24. Rfd1 Rc7 25. b3 Rfc8 26. h3 Ne4 27. Ne2 Rxc1 28. Rxc1 Rxc1+ 29. Nxc1 Qb5 30. Qd1 g6 31. Qc2 Qc5+ 32. Qxc5 bxc5 33. Kf1 Kf7 34. Ke2 Ke7 35. Kd3 Kd7 36. g4 Kc6 37. g5 Kb5 38. Ne2 Kb4 39. Kc2 d4 40. Kb1 Nc3+ 0-1


[Site "https://www.chess.com"]

[Event "Titled Tuesday Blitz December 20 Late 2022"]
[White "Veiga, Jose Francisco R P Neves"]
[Black "Bambino Filho, Antonio Carlos"]
[WhiteFideId "1930087"]
[BlackFideId "2113163"]
[WhiteElo "2320"]
[BlackElo "2429"]
[Result "0-1"]
[Round "11"]
[TimeControl "180+1"]
[Date "2022.12.21"]
[WhiteClock "0:01:16"]
[BlackClock "0:01:23"]

1. e4 c5 2. Nf3 d6 3. c3 Nf6 4. Be2 g6 5. O-O Bg7 6. Re1 O-O 7. Bf1 Nc6 8. d4 Bg4 9. dxc5 dxc5 10. Nbd2 Ne5 11. Qb3 Nxf3+ 12. Nxf3 Bxf3 13. gxf3 Qc7 14. Bg5 Nh5 15. Rad1 h6 16. Bh4 Rfd8 17. Bg3 Be5 18. Bc4 e6 19. Bxe6 Bxg3 20. hxg3 fxe6 21. Qxe6+ Qf7 22. Qxf7+ Kxf7 23. f4 Ke7 24. Kg2 Rxd1 25. Rxd1 Rd8 26. Rxd8 Kxd8 27. e5 Ng7 28. Kf3 h5 29. Ke4 Ke7 30. f3 Ne6 31. g4 h4 32. f5 h3 33. f6+ Kf7 34. f4 h2 35. f5 h1=Q+ 0-1


[Site "https://www.chess.com"]

[Event "Titled Tuesday Blitz December 20 Late 2022"]
[White "Vlassov, Nikolai"]
[Black "Sztokbant, Bernardo Vainzoff"]
[WhiteFideId "4103360"]
[BlackFideId "2115956"]
[WhiteElo "2324"]
[BlackElo "2222"]
[Result "0-1"]
[Round "11"]
[TimeControl "180+1"]
[Date "2022.12.20"]
[WhiteClock "0:00:04"]
[BlackClock "0:00:04"]

1. e4 e5 2. Bc4 Nf6 3. d3 Bc5 4. Nf3 Nc6 5. Bg5 h6 6. Bh4 d6 7. Nc3 Ne7 8. Bxf6 gxf6 9. Nh4 c6 10. Qh5 d5 11. Bb3 Be6 12. O-O-O Bxf2 13. Rhf1 Be3+ 14. Kb1 Bg5 15. Nf5 Bxf5 16. exf5 Be3 17. Ne2 Qd6 18. c3 Bb6 19. d4 e4 20. c4 Bc7 21. g3 O-O-O 22. Qxf7 h5 23. c5 Qd7 24. Qxf6 Rdf8 25. Qg7 Nxf5 26. Qxd7+ Kxd7 27. Rde1 Ke7 28. Nc3 Nxd4 29. Rxf8 Kxf8 30. Bxd5 cxd5 31. Nxd5 Nf3 32. Re2 Bd8 33. Kc1 Bg5+ 34. Kd1 Rh7 35. Nc3 Rd7+ 36. Kc2 Nd4+ 0-1


[Site "https://www.chess.com"]

[Event "Titled Tuesday Blitz December 20 Late 2022"]
[White "Yedidia, Daniel"]
[Black "reevecanada"]
[WhiteFideId "30905907"]
[WhiteElo "2584"]
[BlackElo "2429"]
[Result "1-0"]
[Round "11"]
[TimeControl "180+1"]
[Date "2022.12.21"]
[WhiteClock "0:01:07"]
[BlackClock "0:01:56"]

1. d4 c5 2. d5 d6 3. Nc3 Nd7 4. e4 Ngf6 5. a4 g6 6. f4 e5 7. dxe6 fxe6 8. Nf3 Be7 9. Bc4 Nb6 10. Bb5+ Bd7 11. e5 Nfd5 12. Ne4 Bxb5 13. axb5 dxe5 14. fxe5 O-O 15. O-O Nc7 16. Bh6 Qxd1 17. Rfxd1 Rfd8 18. Rxd8+ Rxd8 19. Rxa7 Rb8 20. Be3 Nxb5 21. Ra1 Rc8 22. b4 Nd7 23. Rd1 Rc7 24. c4 Na3 25. bxc5 Nxc5 26. Nf6+ Bxf6 27. exf6 Nxc4 28. Ng5 h6 29. Rd8# 1-0


[Site "https://www.chess.com"]

[Event "Titled Tuesday Blitz December 20 Late 2022"]
[White "Young, Ryan"]
[Black "Gerbelli Neto, Eduardo"]
[WhiteFideId "2049945"]
[BlackFideId "2103281"]
[WhiteElo "2436"]
[BlackElo "2178"]
[Result "1-0"]
[Round "11"]
[TimeControl "180+1"]
[Date "2022.12.21"]
[WhiteClock "0:00:05"]
[BlackClock "0:00:02"]

1. e4 e5 2. Nf3 Nc6 3. d4 exd4 4. Nxd4 Bc5 5. Be3 Qf6 6. Nb5 Bxe3 7. fxe3 Qh4+ 8. g3 Qxe4 9. Nxc7+ Kd8 10. Nxa8 Nf6 11. Nc3 Qxh1 12. Qd6 Ne8 13. Qf4 Qxh2 14. O-O-O Qh6 15. Qf3 Ne5 16. Qe4 f6 17. Qd4 b6 18. Nxb6 axb6 19. Qxb6+ Ke7 20. Qc5+ Kd8 21. Nd5 Bb7 22. Qb6+ Kc8 23. Ne7+ Kb8 24. Ba6 Nd6 25. Qxd6+ Ka7 26. Bxb7 Qxe3+ 27. Kb1 Kxb7 28. Nd5 Qf2 29. Qb4+ Kc8 30. Qa5 Kb7 31. Qb5+ Kc8 32. Qa6+ Kb8 33. a3 Qc5 34. Nb6 Qc6 35. Nxd7+ Kc7 36. Qa7+ Qb7 37. Qxb7+ Kxb7 38. Nc5+ Kc6 39. Ne6 Rg8 40. b4 g6 41. Kb2 Nc4+ 42. Kb3 Nb6 43. Nd4+ Kb7 44. c4 Re8 45. c5 Nd5 46. Rc1 1-0


[Site "https://www.chess.com"]

[Event "Titled Tuesday Blitz December 20 Late 2022"]
[White "Yuan, Qingyu"]
[Black "Toncheva, Nadya"]
[WhiteFideId "8609772"]
[BlackFideId "2924056"]
[WhiteElo "2759"]
[BlackElo "2538"]
[Result "0-1"]
[Round "11"]
[TimeControl "180+1"]
[Date "2022.12.21"]
[WhiteClock "0:00:01"]
[BlackClock "0:00:43"]

1. e4 c5 2. Nf3 Nc6 3. Bb5 e6 4. Bxc6 bxc6 5. d3 d6 6. e5 d5 7. Nbd2 Ne7 8. b3 Nf5 9. Nf1 h5 10. h4 Be7 11. Ng3 Nxh4 12. Nxh4 Bxh4 13. Nxh5 g6 14. Ng3 Kd7 15. Rh3 Bxg3 16. fxg3 Rxh3 17. gxh3 Qh8 18. Bb2 Qxh3 19. Qf3 Qf5 20. Qe3 d4 21. Qe2 Qg5 22. g4 Kc7 23. Bc1 Qh4+ 24. Qf2 Qxg4 25. Ba3 Qg5 26. Qe2 Bd7 27. Kf2 Rh8 28. Rg1 Rh2+ 29. Kf1 Qxg1+ 30. Kxg1 Rxe2 31. Bxc5 Rxc2 32. Bxd4 Rxa2 33. Bc5 Rb2 34. b4 Rd2 35. d4 Bc8 36. Bxa7 Ba6 37. Bc5 Bc4 38. Kh1 Bd5+ 39. Kg1 Kb7 40. Kf1 Ka6 41. Ke1 Ra2 42. Kd1 Kb5 43. Kc1 Kc4 44. b5 cxb5 45. Kb1 Kc3 46. Bd6 Bc4 0-1


[Site "https://www.chess.com"]

[Event "Titled Tuesday Blitz December 20 Late 2022"]
[White "gshwbedhkhd"]
[Black "Rego, Pedro Filipe"]
[BlackFideId "1904310"]
[WhiteElo "2579"]
[BlackElo "2399"]
[Result "1/2-1/2"]
[Round "11"]
[TimeControl "180+1"]
[Date "2022.12.21"]
[WhiteClock "0:00:08"]
[BlackClock "0:00:43"]

1. e4 c5 2. b4 cxb4 3. a3 e6 4. axb4 Bxb4 5. c3 Be7 6. d4 d6 7. f4 Nf6 8. Bd3 Nc6 9. Nf3 O-O 10. O-O e5 11. fxe5 dxe5 12. d5 Nb8 13. Nxe5 Nbd7 14. Nf3 Bd6 15. Nbd2 Ne5 16. Nc4 Nxc4 17. Bxc4 Bg4 18. Bd3 Re8 19. Qa4 Qc7 20. Bd2 Nd7 21. h3 Bh5 22. Nd4 Nc5 23. Qc2 Bg6 24. Nf5 Bh2+ 25. Kh1 Be5 26. Rab1 b6 27. Bb5 Red8 28. Bc6 Rab8 29. c4 a5 30. Be3 Bxf5 31. Rxf5 Qd6 32. Bxc5 bxc5 33. Bb5 Bd4 34. Rbf1 Rb7 35. Qd2 Re7 36. Qxa5 Rf8 37. Qe1 g6 38. R5f4 f5 39. Qh4 Rxe4 40. Rxe4 fxe4 41. Rxf8+ Qxf8 42. Qxe4 Qf1+ 43. Kh2 Qg1+ 44. Kg3 Qf2+ 45. Kh2 Qg1+ 46. Kg3 Qf2+ 47. Kh2 Qg1+ 1/2-1/2